 Dungeon Crawl Stone Soup version 0.28.0 (webtiles) character file.

Game seed: 8628209255632689325

242 Crownlay the Poker (level 5, -4/47 HPs)
             Began as a Minotaur Gladiator on Feb 16, 2022.
             Slain by an iguana (5 damage)
             ... on level 4 of the Dungeon.
             The game lasted 00:05:32 (2911 turns).

Crownlay the Poker (Minotaur Gladiator)             Turns: 2911, Time: 00:05:33

Health: -4/47      AC:  3    Str: 20    XL:     5   Next: 82%
Magic:  4/4        EV: 12    Int:  5    God:
Gold:   80         SH:  5    Dex: 12    Spells: 4/4 levels left

rFire   + . .      SeeInvis .   a - +0 trident
rCold   . . .      Faith    .   (no shield)
rNeg    . . .      Spirit   .   b - +0 leather armour
rPois   .          Reflect  +   c - +0 hat
rElec   .          Harm     .   (no cloak)
rCorr   .          Rampage  .   (no gloves)
Will    .....                   (no boots)
Stlth   +.........              m - amulet of reflection
HPRegen 0.15/turn               k - ring of protection from fire
MPRegen 0.09/turn               (no ring)

@: no status effects
A: horns 2, retaliatory headbutt
a: no special abilities


You were on level 4 of the Dungeon.
You visited 1 branch of the dungeon, and saw 4 of its levels.

You collected 80 gold pieces.

Inventory:

Hand Weapons
 a - a +0 trident (weapon)
Missiles
 d - 3 throwing nets (quivered)
 n - 2 boomerangs
Armour
 b - a +0 leather armour (worn)
 c - a +0 hat (worn)
Jewellery
 k - a ring of protection from fire (left hand)
 m - an amulet of reflection (around neck)
Scrolls
 e - a scroll of enchant weapon
 f - 2 scrolls of teleportation
 g - a scroll of enchant armour
 h - a scroll of summoning {unknown}
 l - a scroll of vulnerability {unknown}
 r - a scroll of amnesia {unknown}
Potions
 j - a potion of berserk rage {unknown}
 o - a potion of attraction {unknown}
 p - a potion of curing {unknown}
 q - a potion of might {unknown}


   Skills:
 + Level 4.4 Fighting
 * Level 6.5 Polearms
 + Level 2.7 Throwing
 - Level 3.2 Dodging


You had 4 spell levels left.
You didn't know any spells.
Your spell library was empty.

Dungeon Overview and Level Annotations

Branches:
Dungeon (4/15)
 Temple: D:4-7

Altars:


Innate Abilities, Weirdness & Mutations

You have a pair of horns on your head.
You reflexively headbutt those who attack you in melee.


Message History

g - a scroll of enchant armour An iguana comes into view.
The iguana hisses angrily.
You reach to attack!
You barely miss the black bear. You barely miss the black bear.
The black bear closely misses you. You furiously retaliate!
You headbutt the black bear! The black bear claws you.
The black bear misses you.
You puncture the black bear! Your headbutt misses the black bear.
The black bear is heavily wounded.
The black bear misses you. You furiously retaliate!
You headbutt the black bear, but do no damage.
The black bear completely misses you. The black bear barely misses you.
You hit the black bear.
The black bear is severely wounded.
The black bear bites you. The black bear claws you. x2
You barely miss the black bear.
The black bear is severely wounded.
The iguana bites you. The black bear barely misses you. x2
The black bear claws you but does no damage.
You puncture the black bear! You headbutt the black bear.
You kill the black bear!
The iguana bites you!
You barely miss the iguana. The iguana bites you!
* * * LOW HITPOINT WARNING * * *
You are too injured to fight recklessly!
You are too injured to fight recklessly!
You are too injured to fight recklessly!
You are too injured to fight recklessly!
You hit the iguana.
You headbutt the iguana, but do no damage.
The iguana is lightly wounded.
The iguana closely misses you.
You puncture the iguana! Your headbutt misses the iguana.
The iguana is almost dead.
The iguana bites you!
* * * LOW HITPOINT WARNING * * *
You closely miss the iguana.
The iguana is almost dead.
The iguana bites you.
You die...

### #..##
#.../ ...
#
##.##...#
#@.......
#†l##...#
...# #
#...#
!....
.#.....
.....#. .
....#..


You could see an iguana.

Vanquished Creatures
  A black bear (D:4)
  An orc wizard (D:3)
  4 gnolls (D:3)
  2 adders
  A worm (D:2)
  4 dart slugs
  6 orcs (D:3)
  6 bats
  3 endoplasms
  2 giant cockroaches (D:3)
  6 goblins
  3 hobgoblins
  2 jackals (D:2)
  4 kobolds
  2 quokkas (D:1)
  3 ball pythons
  2 frilled lizards (D:2)
  4 rats
56 creatures vanquished.

Notes
Turn   | Place    | Note
-------+----------+-------------------------------------------
     0 | D:1      | Crownlay the Minotaur Gladiator began the quest for the
                  | Orb.
     0 | D:1      | Reached XP level 1. HP: 18/18 MP: 0/0
    62 | D:1      | Found a faded altar of an unknown god.
   131 | D:1      | Reached skill level 4 in Polearms
   148 | D:1      | Reached XP level 2. HP: 25/25 MP: 1/1
  1122 | D:2      | Reached XP level 3. HP: 31/31 MP: 2/2
  1303 | D:2      | Reached skill level 5 in Polearms
  1726 | D:3      | Reached XP level 4. HP: 34/38 MP: 3/3
  2148 | D:3      | Reached XP level 5. HP: 18/46 MP: 1/4
  2570 | D:3      | Reached skill level 6 in Polearms
  2896 | D:4      | Noticed a black bear
  2907 | D:4      | Killed a black bear
  2910 | D:4      | HP: 1/47 [iguana (13)]
  2911 | D:4      | Slain by an iguana

Illustrated notes

Levels and vault maps discovered:
D:1:      dpeg_arrival_simpleton_c, layout_loops_ring,
          shapermc_ecumenical_altar_totnotflames
D:2:      layout_basic
D:3:      layout_basic, minivault_24, grunt_decor_resistance
D:4:      layout_cave_pools, grunt_gozag_breadcrumbs, minmay_temple_entry_mist,
          gammafunk_ghost_smash, amcnicky_mini_rare_corridor_liquid,
          kennysheep_nondescript, uniq_eustachio

Skill      XL: |  1  2  3  4  5 |
---------------+----------------+-----
Polearms       | 4 5 6 |  6.5
Fighting       | 3 4 |  4.4
Throwing       | |  2.7
Dodging        | |  3.2

Action                   |  1- 3 |  4- 6 || total
-------------------------+-------+-------++-------
Melee: Trident           |   102 |    63 ||   165
       Headbutt          |    11 |     6 ||    17
       Punch             |     1 |       ||     1
  Use: Scroll            |     2 |     1 ||     3
Armor: Leather armour    |    34 |     5 ||    39
Dodge: Dodged            |    45 |    26 ||    71
Block: Other             |       |    10 ||    10
